Pick #1

Connor Bedard
Pick #2

Leo Carlsson
Pick #3

Adam Fantilli
Pick #4

Matvei Michkov
Pick #5

David Reinbacher
Pick #6

William Smith
Pick #7

Zachary Benson
Pick #8

Ryan Leonard
Pick #9

Gabriel Perreault
Pick #10

Axel Sandin-Pellika
Pick #11

Daniil But
Pick #12

Dalibor Dvorsky
Pick #13

Quentin Musty
Pick #14

Brayden Yager
Pick #15

Dmitry Simashev
Pick #16

Colby Barlow
Pick #17

Andrew Cristall
Pick #18

Easton Cowan
Pick #19

Jacob Fowler
Pick #20

Oliver Moore
Pick #21

Oliver Bonk
Pick #22

Tom Willander
Pick #23

Calum Ritchie
Pick #24

Tanner Molendyk
Pick #25

Gavin Brindley
Pick #26

Nate Danielson
Pick #27

Pick #28

Pick #29

Pick #30

Pick #31

Pick #32

Pick #33

Pick #34

Pick #35

Pick #36

Pick #37

Pick #38

Pick #39

Pick #40

Pick #41

Pick #42

Pick #43

Pick #44

Pick #45

Pick #46

Pick #47

Pick #48

Pick #49

Pick #50

Pick #51

Pick #52

Pick #53

Pick #54

Pick #55

Pick #56

Pick #57

Pick #58

Pick #59

Pick #60

Pick #61

Pick #62

Pick #63

Pick #64

Pick #65

Pick #66

Pick #67

Pick #68

Pick #69

Pick #70

Pick #71

Pick #72

Pick #73

Pick #74

Pick #75

Pick #76

Pick #77

Pick #78

Pick #79

Pick #80

Pick #81

Pick #82

Pick #83

Pick #84

Pick #85

Pick #86

Pick #87

Pick #88

Pick #89

Pick #90

Pick #91

Pick #92

Pick #93

Pick #94

Pick #95

Pick #96

Pick #97

Pick #98

Pick #99

Pick #100

Pick #101

Pick #102

Pick #103

Pick #104

Pick #105

Pick #106

Pick #107

Pick #108

Pick #109

Pick #110

Pick #111

Pick #112

Pick #113

Pick #114

Pick #115

Pick #116

Pick #117

Pick #118

Pick #119

Pick #120

Pick #121

Pick #122

Pick #123

Pick #124

Pick #125

Pick #126

Pick #127

Pick #128

Pick #129

Pick #130

Full Scoreboard »»

RedWings vs Bruins

Created - January 28, 2024 at 00:14

Goals
1 2 3 T
RedWings 0 0 1 1
Bruins 1 2 0 3
Shots
1 2 3 T
RedWings 5 11 9 25
Bruins 13 12 10 35

GoalsPenalties
1st period
1. Bruins , Zach Parise 4 (Trevor Zegras 23, T.J. Brodie 26) at 12:46
David Perron (DET) for Holding (Minor) at 7:44
Nick Cousins (DET) for Charging (Minor) at 14:22
Yegor Sharangovich (BOS) for Hooking (Minor) at 19:23
Nick Paul (BOS) for Holding (Minor) at 19:57
2nd period
2. Bruins , Yegor Sharangovich 9 (Anze Kopitar 26, Bryan Rust 22) at 14:31
3. Bruins , Yegor Sharangovich 10 (Anze Kopitar 27) at 14:47
Zach Parise (BOS) for High sticking (Minor) at 4:04
Ryan Hartman (DET) for Hooking (Minor) at 4:04
3rd period
4. RedWings , Ryan Hartman 17 (Erik Karlsson 26, John Carlson 25) at 15:55 (PP)
Jamie Oleksiak (BOS) for Boarding (Minor) at 0:37
Bryan Rust (BOS) for Cross-checking (Minor) at 15:28
Goalie Stats
Adin Hill (DET), 9 saves from 9 shots - (1.000), 19:30 minutes
Brian Elliott (DET), 23 saves from 26 shots - (0.885), L, 11-11-2, 40:30 minutes
Jake Oettinger (BOS), 24 saves from 25 shots - (0.960), W, 21-11-2, 60:00 minutes
3 StarsOfficial
1 - Yegor Sharangovich (BOS)
2 - Anze Kopitar (BOS)
3 - Jake Oettinger (BOS)
Referees : Justin Kea and Sean MacFarlane
Linesman : Jake Davis and Kyle Flemington
Game Note
Brian Elliott is injured at 0:30 of 3rd period (Sprained Right Finger)
Adin Hill enters game at 0:30 of 3rd period
Finance
Level 1 -- Attendance: 6000 (100.00%) -- Ticket Income $708,000
Level 2 -- Attendance: 5000 (100.00%) -- Ticket Income $375,000
Level 3 -- Attendance: 3126 (89.31%) -- Ticket Income $150,048
Level 4 -- Attendance: 2940 (92.45%) -- Ticket Income $88,200
Luxury Box -- Attendance: 948 (94.80%) -- Ticket Income $200,028
Game was played at the TD Garden.
Total Attendance: 18014 (96.43%)
Total Ticket Income: $1,521,276
Other Income: $380,319
Total Income: $1,901,595



Team Name Goals Shots Shots Attemp Shots Blocked PIM HIT PP PK FO%
RedWings 1254096241 / 4 (25%)040%
Bruins 33567510170 / 2 (0%)160%

RedWings
Player Name POS G A P +/- PIM HIT SHT SB MP PP MP PP SHT PK MP PK SHT FO% FOT
Brayden SchennC000-1032020:142:5611:14040% 35
David PastrnakRW000-1010022:062:0300:00044% 27
David PerronLW000-1243023:122:0300:36017% 6
Denis GurianovRW000-1001010:140:0000:00029% 14
Derick BrassardC000000000:000:0000:0000% 0
Drew DoughtyD000-2063323:461:5712:0500% 0
Erik KarlssonD011-1013024:133:0211:5000% 0
Evgenii DadonovRW000-1010016:292:0302:4400% 1
John CarlsonD011-1002224:343:0221:2900% 0
Mark ScheifeleC000-1001020:030:0000:0000% 1
Nick CousinsC0000220215:560:0000:0000% 1
Nick FolignoLW000-1030010:520:0000:3800% 0
Nikita AlexandrovC000000004:420:0000:000100% 2
Phillip Di GiuseppeLW000-1021017:442:5600:0000% 0
Ryan HartmanRW101-1206020:272:5622:44063% 8
Ryan MurrayD0000003217:221:5712:2900% 0
Seth JonesD000-2010018:070:0000:0300% 0
Stefan NoesenRW000000003:590:0000:00050% 2
Bruins
Player Name POS G A P +/- PIM HIT SHT SB MP PP MP PP SHT PK MP PK SHT FO% FOT
Alex IafalloLW0001004016:060:0000:00050% 2
Anze KopitarC0222027121:361:2231:23056% 27
Brady SkjeiD0000022023:112:3601:1700% 0
Brett PesceD0002003021:471:2223:0400% 0
Bryan RustRW0112221019:521:2201:18067% 3
Cam FowlerD0000001018:290:0000:0000% 0
Charlie CoyleC0000011014:490:0003:18079% 24
Dmitry KulikovD000001003:350:0000:0000% 0
Jamie OleksiakD0001241011:350:0000:4700% 0
Kailer YamamotoRW0000012013:422:3600:0000% 3
Mark GiordanoD0002010322:522:3602:5500% 0
Nick PaulLW0000206017:270:0000:50050% 2
Nicolas RoyC000000007:572:3600:00040% 10
T.J. BrodieD0111000118:301:2201:5500% 0
Trevor ZegrasC0111022017:281:2200:00055% 20
Tyler BertuzziLW000000005:000:0000:00050% 2
Yegor SharangovichC2022213021:312:3601:430100% 3
Zach PariseLW1011202016:050:0000:000100% 1



Play-by-Play

1st period


0:01 of 1st period - David Pastrnak wins face-off versus Bryan Rust in neutral zone.
1:12 of 1st period - Icing by Seth Jones.
1:13 of 1st period - Charlie Coyle wins face-off versus Brayden Schenn in RedWings zone.
1:14 of 1st period - Shot by Jamie Oleksiak.
1:14 of 1st period - Shot Misses the Net.
1:16 of 1st period - Shot by Nick Paul.
1:16 of 1st period - Stopped by Brian Elliott with a rebound.
1:21 of 1st period - Icing by Seth Jones.
1:22 of 1st period - Brayden Schenn wins face-off versus Trevor Zegras in RedWings zone.
1:32 of 1st period - Shot by Drew Doughty.
1:32 of 1st period - Stopped by Jake Oettinger without a rebound.
1:33 of 1st period - Denis Gurianov wins face-off versus Kailer Yamamoto in Bruins zone.
1:33 of 1st period - Evgenii Dadonov is hit by Jamie Oleksiak and loses puck.
2:04 of 1st period - Evgenii Dadonov is hit by Jamie Oleksiak and loses puck.
2:10 of 1st period - Off-side.
2:11 of 1st period - Trevor Zegras wins face-off versus Brayden Schenn in neutral zone.
2:23 of 1st period - Shot by Drew Doughty.
2:23 of 1st period - Stopped by Jake Oettinger without a rebound.
2:24 of 1st period - Anze Kopitar wins face-off versus David Pastrnak in Bruins zone.
2:30 of 1st period - David Pastrnak is hit by Mark Giordano and loses puck.
3:03 of 1st period - Shot by David Perron.
3:03 of 1st period - Stopped by Jake Oettinger without a rebound.
3:04 of 1st period - Stefan Noesen wins face-off versus Trevor Zegras in Bruins zone.
3:11 of 1st period - Shot by Stefan Noesen.
3:11 of 1st period - Shot Misses the Net.
3:39 of 1st period - Shot by John Carlson.
3:39 of 1st period - Shot Blocked by T.J. Brodie.
3:49 of 1st period - Shot by Trevor Zegras.
3:49 of 1st period - Shot Blocked by Nick Cousins.
4:46 of 1st period - Icing by Nick Paul.
4:47 of 1st period - Nicolas Roy wins face-off versus David Pastrnak in Bruins zone.
4:59 of 1st period - Icing by Drew Doughty.
5:00 of 1st period - David Pastrnak wins face-off versus Trevor Zegras in RedWings zone.
5:24 of 1st period - Trevor Zegras is hit by Drew Doughty and loses puck.
5:52 of 1st period - Icing by Nick Cousins.
5:53 of 1st period - Anze Kopitar wins face-off versus Evgenii Dadonov in RedWings zone.
5:54 of 1st period - Shot by Yegor Sharangovich.
5:54 of 1st period - Shot Blocked by Ryan Murray.
6:37 of 1st period - Shot by Anze Kopitar.
6:37 of 1st period - Stopped by Brian Elliott without a rebound.
6:38 of 1st period - Charlie Coyle wins face-off versus Brayden Schenn in RedWings zone.
6:46 of 1st period - Icing by Brayden Schenn.
6:47 of 1st period - Brayden Schenn wins face-off versus Charlie Coyle in RedWings zone.
7:08 of 1st period - Shot by Nick Paul.
7:08 of 1st period - Shot Misses the Net.
7:10 of 1st period - Shot by Nick Paul.
7:10 of 1st period - Shot Blocked by John Carlson.
7:12 of 1st period - Shot by Brady Skjei.
7:12 of 1st period - Stopped by Brian Elliott without a rebound.
7:13 of 1st period - David Pastrnak wins face-off versus Trevor Zegras in RedWings zone.
7:15 of 1st period - Icing by Drew Doughty.
7:16 of 1st period - David Pastrnak wins face-off versus Trevor Zegras in RedWings zone.
7:16 of 1st period - David Pastrnak is hit by Trevor Zegras.
7:44 of 1st period - Minor Penalty to David Perron for Holding.
7:45 of 1st period - Nicolas Roy wins face-off versus Ryan Hartman in RedWings zone.
7:46 of 1st period - Shot by Brady Skjei.
7:46 of 1st period - Shot Misses the Net.
8:02 of 1st period - Shot by Evgenii Dadonov.
8:02 of 1st period - Shot Blocked by Mark Giordano.
8:17 of 1st period - Icing by Kailer Yamamoto.
8:18 of 1st period - Ryan Hartman wins face-off versus Nicolas Roy in Bruins zone.
9:05 of 1st period - Shot by Anze Kopitar.
9:05 of 1st period - Stopped by Brian Elliott without a rebound.
9:06 of 1st period - Brayden Schenn wins face-off versus Anze Kopitar in RedWings zone.
9:31 of 1st period - Shot by Anze Kopitar.
9:31 of 1st period - Stopped by Brian Elliott without a rebound.
9:32 of 1st period - Ryan Hartman wins face-off versus Nicolas Roy in RedWings zone.
9:54 of 1st period - Off-side.
9:55 of 1st period - Charlie Coyle wins face-off versus Stefan Noesen in neutral zone.
10:02 of 1st period - Shot by Nick Paul.
10:02 of 1st period - Stopped by Brian Elliott with a rebound.
10:14 of 1st period - Shot by Nick Paul.
10:14 of 1st period - Shot Misses the Net.
10:45 of 1st period - Icing by Brady Skjei.
10:46 of 1st period - Brayden Schenn wins face-off versus Kailer Yamamoto in Bruins zone.
11:04 of 1st period - Shot by Brayden Schenn.
11:04 of 1st period - Shot Misses the Net.
11:06 of 1st period - Shot by Ryan Hartman.
11:06 of 1st period - Stopped by Jake Oettinger without a rebound.
11:07 of 1st period - Anze Kopitar wins face-off versus David Pastrnak in Bruins zone.
11:18 of 1st period - Shot by Bryan Rust.
11:18 of 1st period - Deflect By Anze Kopitar.
11:18 of 1st period - Shot Misses the Net.
11:28 of 1st period - Shot by David Perron.
11:28 of 1st period - Deflect By Mark Scheifele.
11:28 of 1st period - Shot Blocked by Mark Giordano.
12:24 of 1st period - Shot by Brayden Schenn.
12:24 of 1st period - Deflect By Ryan Hartman.
12:24 of 1st period - Stopped by Jake Oettinger without a rebound.
12:25 of 1st period - Denis Gurianov wins face-off versus Trevor Zegras in Bruins zone.
12:46 of 1st period - Shot by Zach Parise.
12:46 of 1st period - Goal by Zach Parise - RedWings : 0 - Bruins : 1.
12:47 of 1st period - Charlie Coyle wins face-off versus Mark Scheifele in neutral zone.
13:46 of 1st period - Erik Karlsson is hit by Jamie Oleksiak and loses puck.
14:09 of 1st period - Shot by T.J. Brodie.
14:09 of 1st period - Shot Misses the Net.
14:21 of 1st period - Shot by Alex Iafallo.
14:21 of 1st period - Stopped by Brian Elliott without a rebound.
14:22 of 1st period - Anze Kopitar wins face-off versus Brayden Schenn in RedWings zone.
14:22 of 1st period - Minor Penalty to Nick Cousins for Charging.
14:23 of 1st period - Ryan Hartman wins face-off versus Nicolas Roy in RedWings zone.
14:48 of 1st period - Shot by Brady Skjei.
14:48 of 1st period - Shot Blocked by Ryan Murray.
15:01 of 1st period - Icing by Yegor Sharangovich.
15:02 of 1st period - Nicolas Roy wins face-off versus Ryan Hartman in Bruins zone.
15:40 of 1st period - Shot by Bryan Rust.
15:40 of 1st period - Shot Misses the Net.
15:46 of 1st period - Shot by Anze Kopitar.
15:46 of 1st period - Stopped by Brian Elliott with a rebound.
15:50 of 1st period - Shot by Bryan Rust.
15:50 of 1st period - Shot Blocked by John Carlson.
15:52 of 1st period - Shot by Bryan Rust.
15:52 of 1st period - Shot Blocked by Drew Doughty.
15:54 of 1st period - Shot by T.J. Brodie.
15:54 of 1st period - Shot Blocked by Drew Doughty.
15:56 of 1st period - Shot by Brett Pesce.
15:56 of 1st period - Stopped by Brian Elliott with a rebound.
15:58 of 1st period - Shot by Brett Pesce.
15:58 of 1st period - Stopped by Brian Elliott without a rebound.
15:59 of 1st period - Ryan Hartman wins face-off versus Nicolas Roy in RedWings zone.
16:18 of 1st period - Icing by Mark Giordano.
16:19 of 1st period - Ryan Hartman wins face-off versus Nicolas Roy in Bruins zone.
16:54 of 1st period - Shot by Alex Iafallo.
16:54 of 1st period - Shot Misses the Net.
16:56 of 1st period - Shot by Zach Parise.
16:56 of 1st period - Deflect By Trevor Zegras.
16:56 of 1st period - Stopped by Brian Elliott without a rebound.
16:57 of 1st period - Brayden Schenn wins face-off versus Anze Kopitar in RedWings zone.
16:57 of 1st period - Brayden Schenn is hit by Yegor Sharangovich.
17:30 of 1st period - Yegor Sharangovich is hit by Phillip Di Giuseppe and loses puck.
18:11 of 1st period - Shot by Nicolas Roy.
18:11 of 1st period - Shot Misses the Net.
19:21 of 1st period - Shot by Trevor Zegras.
19:21 of 1st period - Stopped by Brian Elliott without a rebound.
19:22 of 1st period - Brayden Schenn wins face-off versus Anze Kopitar in RedWings zone.
19:22 of 1st period - Brayden Schenn is hit by Anze Kopitar.
19:23 of 1st period - Minor Penalty to Yegor Sharangovich for Hooking.
19:24 of 1st period - Charlie Coyle wins face-off versus Brayden Schenn in Bruins zone.
19:33 of 1st period - Anze Kopitar is hit by Brayden Schenn and loses puck.
19:57 of 1st period - Minor Penalty to Nick Paul for Holding.
19:58 of 1st period - Charlie Coyle wins face-off versus David Perron in Bruins zone.
Goals for this period are 0 for RedWings vs 1 for Bruins.
Shots for this period are 5 for RedWings vs 13 for Bruins.

2nd period


0:01 of 2nd period - Charlie Coyle wins face-off versus David Perron in neutral zone.
0:09 of 2nd period - Shot by John Carlson.
0:09 of 2nd period - Stopped by Jake Oettinger with a rebound.
0:11 of 2nd period - Shot by Erik Karlsson.
0:11 of 2nd period - Stopped by Jake Oettinger with a rebound.
0:13 of 2nd period - Shot by John Carlson.
0:13 of 2nd period - Stopped by Jake Oettinger without a rebound.
0:14 of 2nd period - Charlie Coyle wins face-off versus Brayden Schenn in Bruins zone.
0:14 of 2nd period - T.J. Brodie is hit by Brayden Schenn.
0:28 of 2nd period - Shot by Ryan Murray.
0:28 of 2nd period - Stopped by Jake Oettinger without a rebound.
0:29 of 2nd period - Charlie Coyle wins face-off versus David Perron in Bruins zone.
0:35 of 2nd period - Icing by John Carlson.
0:36 of 2nd period - Charlie Coyle wins face-off versus David Perron in RedWings zone.
1:09 of 2nd period - Shot by David Perron.
1:09 of 2nd period - Shot Blocked by Mark Giordano.
1:11 of 2nd period - Shot by Erik Karlsson.
1:11 of 2nd period - Shot Misses the Net.
1:41 of 2nd period - Shot by Ryan Hartman.
1:41 of 2nd period - Shot Misses the Net.
1:49 of 2nd period - Shot by Ryan Hartman.
1:49 of 2nd period - Stopped by Jake Oettinger with a rebound.
1:51 of 2nd period - Shot by Drew Doughty.
1:51 of 2nd period - Stopped by Jake Oettinger with a rebound.
2:30 of 2nd period - Icing by Seth Jones.
2:31 of 2nd period - Charlie Coyle wins face-off versus Nick Cousins in RedWings zone.
2:34 of 2nd period - Shot by Nick Paul.
2:34 of 2nd period - Stopped by Brian Elliott without a rebound.
2:35 of 2nd period - Brayden Schenn wins face-off versus Charlie Coyle in RedWings zone.
2:50 of 2nd period - Shot by Kailer Yamamoto.
2:50 of 2nd period - Stopped by Brian Elliott with a rebound.
2:52 of 2nd period - Shot by Nick Paul.
2:52 of 2nd period - Stopped by Brian Elliott without a rebound.
2:53 of 2nd period - Anze Kopitar wins face-off versus David Pastrnak in RedWings zone.
3:19 of 2nd period - Icing by Ryan Murray.
3:20 of 2nd period - Trevor Zegras wins face-off versus David Pastrnak in RedWings zone.
3:20 of 2nd period - Trevor Zegras is hit by Nick Cousins.
3:37 of 2nd period - David Pastrnak is hit by Trevor Zegras and loses puck.
3:45 of 2nd period - Icing by Cam Fowler.
3:46 of 2nd period - Trevor Zegras wins face-off versus Brayden Schenn in Bruins zone.
4:04 of 2nd period - Minor Penalty to Zach Parise for High sticking.
4:04 of 2nd period - Minor Penalty to Ryan Hartman for Hooking.
4:05 of 2nd period - Brayden Schenn wins face-off versus Anze Kopitar in neutral zone.
4:22 of 2nd period - Shot by Anze Kopitar.
4:22 of 2nd period - Stopped by Brian Elliott without a rebound.
4:23 of 2nd period - Anze Kopitar wins face-off versus Brayden Schenn in RedWings zone.
4:50 of 2nd period - Shot by Brady Skjei.
4:50 of 2nd period - Stopped by Brian Elliott without a rebound.
4:51 of 2nd period - Nikita Alexandrov wins face-off versus Nick Paul in RedWings zone.
5:00 of 2nd period - Shot by Erik Karlsson.
5:00 of 2nd period - Stopped by Jake Oettinger with a rebound.
5:52 of 2nd period - Shot by David Perron.
5:52 of 2nd period - Stopped by Jake Oettinger with a rebound.
6:00 of 2nd period - Shot by T.J. Brodie.
6:00 of 2nd period - Shot Misses the Net.
6:02 of 2nd period - Shot by Kailer Yamamoto.
6:02 of 2nd period - Stopped by Brian Elliott without a rebound.
6:03 of 2nd period - Nikita Alexandrov wins face-off versus Nicolas Roy in RedWings zone.
7:09 of 2nd period - Icing by T.J. Brodie.
7:10 of 2nd period - Brayden Schenn wins face-off versus Charlie Coyle in Bruins zone.
7:11 of 2nd period - Shot by Ryan Hartman.
7:11 of 2nd period - Stopped by Jake Oettinger with a rebound.
8:14 of 2nd period - Icing by Jamie Oleksiak.
8:15 of 2nd period - Charlie Coyle wins face-off versus David Pastrnak in Bruins zone.
8:39 of 2nd period - Icing by Seth Jones.
8:40 of 2nd period - David Pastrnak wins face-off versus Anze Kopitar in RedWings zone.
8:40 of 2nd period - David Pastrnak is hit by Anze Kopitar.
8:51 of 2nd period - Mark Giordano is hit by Drew Doughty and loses puck.
9:16 of 2nd period - Shot by Bryan Rust.
9:16 of 2nd period - Shot Misses the Net.
9:18 of 2nd period - Shot by Mark Giordano.
9:18 of 2nd period - Shot Blocked by Drew Doughty.
9:20 of 2nd period - Shot by Yegor Sharangovich.
9:20 of 2nd period - Stopped by Brian Elliott without a rebound.
9:21 of 2nd period - Brayden Schenn wins face-off versus Trevor Zegras in RedWings zone.
9:35 of 2nd period - Icing by Cam Fowler.
9:36 of 2nd period - Denis Gurianov wins face-off versus Trevor Zegras in Bruins zone.
10:17 of 2nd period - Cam Fowler is hit by Nick Foligno and loses puck.
10:31 of 2nd period - Off-side.
10:32 of 2nd period - Brayden Schenn wins face-off versus Anze Kopitar in neutral zone.
11:46 of 2nd period - Charlie Coyle is hit by David Perron.
11:54 of 2nd period - Shot by Kailer Yamamoto.
11:54 of 2nd period - Shot Misses the Net.
12:21 of 2nd period - Nick Foligno is hit by Dmitry Kulikov and loses puck.
12:40 of 2nd period - Shot by Zach Parise.
12:40 of 2nd period - Shot Misses the Net.
12:42 of 2nd period - Shot by Cam Fowler.
12:42 of 2nd period - Shot Blocked by Nick Cousins.
14:29 of 2nd period - Shot by Bryan Rust.
14:29 of 2nd period - Deflect By Anze Kopitar.
14:29 of 2nd period - Shot Misses the Net.
14:31 of 2nd period - Shot by Yegor Sharangovich.
14:31 of 2nd period - Goal by Yegor Sharangovich - RedWings : 0 - Bruins : 2.
14:32 of 2nd period - Anze Kopitar wins face-off versus David Pastrnak in neutral zone.
14:39 of 2nd period - Shot by Bryan Rust.
14:39 of 2nd period - Stopped by Brian Elliott without a rebound.
14:40 of 2nd period - Anze Kopitar wins face-off versus David Pastrnak in RedWings zone.
14:40 of 2nd period - Yegor Sharangovich is hit by Drew Doughty and loses puck.
14:43 of 2nd period - Shot by Yegor Sharangovich.
14:43 of 2nd period - Shot Misses the Net.
14:47 of 2nd period - Shot by Yegor Sharangovich.
14:47 of 2nd period - Goal by Yegor Sharangovich - RedWings : 0 - Bruins : 3.
14:48 of 2nd period - Trevor Zegras wins face-off versus David Pastrnak in neutral zone.
16:29 of 2nd period - Off-side.
16:30 of 2nd period - Yegor Sharangovich wins face-off versus Denis Gurianov in neutral zone.
16:34 of 2nd period - Icing by Nick Cousins.
16:35 of 2nd period - Anze Kopitar wins face-off versus Denis Gurianov in RedWings zone.
16:52 of 2nd period - Shot by Denis Gurianov.
16:52 of 2nd period - Stopped by Jake Oettinger without a rebound.
16:53 of 2nd period - Charlie Coyle wins face-off versus Brayden Schenn in Bruins zone.
17:05 of 2nd period - Off-side.
17:06 of 2nd period - David Pastrnak wins face-off versus Anze Kopitar in neutral zone.
17:19 of 2nd period - Shot by David Perron.
17:19 of 2nd period - Shot Blocked by Anze Kopitar.
17:46 of 2nd period - Shot by Anze Kopitar.
17:46 of 2nd period - Shot Misses the Net.
17:59 of 2nd period - Drew Doughty is hit by Jamie Oleksiak and loses puck.
18:10 of 2nd period - Shot by Nick Paul.
18:10 of 2nd period - Stopped by Brian Elliott with a rebound.
18:12 of 2nd period - Shot by Charlie Coyle.
18:12 of 2nd period - Stopped by Brian Elliott without a rebound.
18:13 of 2nd period - Brayden Schenn wins face-off versus Tyler Bertuzzi in RedWings zone.
19:18 of 2nd period - Icing by Evgenii Dadonov.
19:19 of 2nd period - Anze Kopitar wins face-off versus Denis Gurianov in RedWings zone.
19:46 of 2nd period - Shot by Ryan Murray.
19:46 of 2nd period - Stopped by Jake Oettinger without a rebound.
19:47 of 2nd period - Trevor Zegras wins face-off versus David Pastrnak in Bruins zone.
Goals for this period are 0 for RedWings vs 2 for Bruins.
Shots for this period are 11 for RedWings vs 12 for Bruins.

3rd period


0:01 of 3rd period - David Pastrnak wins face-off versus Anze Kopitar in neutral zone.
0:24 of 3rd period - Shot by Yegor Sharangovich.
0:24 of 3rd period - Shot Misses the Net.
0:26 of 3rd period - Shot by Mark Giordano.
0:26 of 3rd period - Shot Misses the Net.
0:28 of 3rd period - Shot by Brett Pesce.
0:28 of 3rd period - Shot Misses the Net.
0:30 of 3rd period - Shot by Brett Pesce.
0:30 of 3rd period - Stopped by Brian Elliott without a rebound.
0:30 of 3rd period - Brian Elliott from RedWings is injured at 0:30 of 3rd period (Sprained Right Finger).
0:30 of 3rd period - Adin Hill enters game.
0:31 of 3rd period - Brayden Schenn wins face-off versus Charlie Coyle in RedWings zone.
0:37 of 3rd period - Minor Penalty to Jamie Oleksiak for Boarding.
0:38 of 3rd period - Yegor Sharangovich wins face-off versus Brayden Schenn in Bruins zone.
1:13 of 3rd period - Shot by Brayden Schenn.
1:13 of 3rd period - Stopped by Jake Oettinger without a rebound.
1:14 of 3rd period - Charlie Coyle wins face-off versus David Perron in Bruins zone.
1:25 of 3rd period - Shot by John Carlson.
1:25 of 3rd period - Shot Misses the Net.
2:56 of 3rd period - Icing by Cam Fowler.
2:57 of 3rd period - Trevor Zegras wins face-off versus Denis Gurianov in Bruins zone.
2:57 of 3rd period - Trevor Zegras is hit by Nick Foligno.
3:09 of 3rd period - Shot by Alex Iafallo.
3:09 of 3rd period - Stopped by Adin Hill without a rebound.
3:10 of 3rd period - Charlie Coyle wins face-off versus David Pastrnak in RedWings zone.
4:22 of 3rd period - Shot by Anze Kopitar.
4:22 of 3rd period - Stopped by Adin Hill without a rebound.
4:23 of 3rd period - Zach Parise wins face-off versus Denis Gurianov in RedWings zone.
4:23 of 3rd period - Zach Parise is hit by Drew Doughty.
4:29 of 3rd period - Shot by Cam Fowler.
4:29 of 3rd period - Stopped by Adin Hill without a rebound.
4:30 of 3rd period - Alex Iafallo wins face-off versus Brayden Schenn in RedWings zone.
4:44 of 3rd period - Icing by John Carlson.
4:45 of 3rd period - Bryan Rust wins face-off versus Brayden Schenn in RedWings zone.
4:54 of 3rd period - Shot by Anze Kopitar.
4:54 of 3rd period - Stopped by Adin Hill without a rebound.
4:55 of 3rd period - David Pastrnak wins face-off versus Anze Kopitar in RedWings zone.
5:08 of 3rd period - Yegor Sharangovich is hit by David Perron.
5:13 of 3rd period - Anze Kopitar is hit by David Pastrnak and loses puck.
5:20 of 3rd period - Drew Doughty is hit by Bryan Rust and loses puck.
5:59 of 3rd period - Erik Karlsson is hit by Kailer Yamamoto and loses puck.
6:18 of 3rd period - Shot by Brayden Schenn.
6:18 of 3rd period - Shot Misses the Net.
6:20 of 3rd period - Shot by Phillip Di Giuseppe.
6:20 of 3rd period - Shot Misses the Net.
6:22 of 3rd period - Shot by Erik Karlsson.
6:22 of 3rd period - Stopped by Jake Oettinger without a rebound.
6:23 of 3rd period - Trevor Zegras wins face-off versus Denis Gurianov in Bruins zone.
6:23 of 3rd period - Alex Iafallo is hit by Nick Foligno and loses puck.
6:37 of 3rd period - Zach Parise is hit by Nick Cousins and loses puck.
7:01 of 3rd period - Shot by Alex Iafallo.
7:01 of 3rd period - Stopped by Adin Hill without a rebound.
7:02 of 3rd period - Bryan Rust wins face-off versus Brayden Schenn in RedWings zone.
7:29 of 3rd period - Shot by Brayden Schenn.
7:29 of 3rd period - Stopped by Jake Oettinger with a rebound.
8:03 of 3rd period - Icing by Brett Pesce.
8:04 of 3rd period - David Pastrnak wins face-off versus Anze Kopitar in Bruins zone.
8:50 of 3rd period - Off-side.
8:51 of 3rd period - Denis Gurianov wins face-off versus Charlie Coyle in neutral zone.
9:17 of 3rd period - Evgenii Dadonov is hit by Brady Skjei and loses puck.
10:01 of 3rd period - Icing by T.J. Brodie.
10:02 of 3rd period - Trevor Zegras wins face-off versus David Pastrnak in Bruins zone.
10:06 of 3rd period - T.J. Brodie is hit by David Perron and loses puck.
10:11 of 3rd period - Shot by Mark Scheifele.
10:11 of 3rd period - Stopped by Jake Oettinger without a rebound.
10:12 of 3rd period - Tyler Bertuzzi wins face-off versus Brayden Schenn in Bruins zone.
10:21 of 3rd period - Shot by Nick Paul.
10:21 of 3rd period - Stopped by Adin Hill without a rebound.
10:22 of 3rd period - David Pastrnak wins face-off versus Trevor Zegras in RedWings zone.
10:43 of 3rd period - Shot by Alex Iafallo.
10:43 of 3rd period - Stopped by Adin Hill without a rebound.
10:44 of 3rd period - Anze Kopitar wins face-off versus Ryan Hartman in RedWings zone.
11:03 of 3rd period - Shot by Ryan Hartman.
11:03 of 3rd period - Stopped by Jake Oettinger with a rebound.
11:14 of 3rd period - Icing by T.J. Brodie.
11:15 of 3rd period - Anze Kopitar wins face-off versus David Pastrnak in Bruins zone.
11:39 of 3rd period - Shot by David Pastrnak.
11:39 of 3rd period - Shot Misses the Net.
12:09 of 3rd period - Shot by Zach Parise.
12:09 of 3rd period - Stopped by Adin Hill without a rebound.
12:10 of 3rd period - Charlie Coyle wins face-off versus Brayden Schenn in RedWings zone.
12:18 of 3rd period - Off-side.
12:19 of 3rd period - Charlie Coyle wins face-off versus Brayden Schenn in neutral zone.
12:19 of 3rd period - Charlie Coyle is hit by Brayden Schenn.
12:30 of 3rd period - Charlie Coyle is hit by Seth Jones and loses puck.
12:51 of 3rd period - Shot by Phillip Di Giuseppe.
12:51 of 3rd period - Stopped by Jake Oettinger with a rebound.
13:13 of 3rd period - Icing by Drew Doughty.
13:14 of 3rd period - Anze Kopitar wins face-off versus Brayden Schenn in RedWings zone.
13:18 of 3rd period - Icing by Drew Doughty.
13:19 of 3rd period - Anze Kopitar wins face-off versus Brayden Schenn in RedWings zone.
14:30 of 3rd period - Icing by Erik Karlsson.
14:31 of 3rd period - David Pastrnak wins face-off versus Kailer Yamamoto in RedWings zone.
14:45 of 3rd period - Shot by Denis Gurianov.
14:45 of 3rd period - Shot Misses the Net.
14:48 of 3rd period - Icing by Charlie Coyle.
14:49 of 3rd period - Charlie Coyle wins face-off versus Denis Gurianov in Bruins zone.
14:54 of 3rd period - Seth Jones is hit by Charlie Coyle and loses puck.
15:04 of 3rd period - Icing by Seth Jones.
15:05 of 3rd period - Trevor Zegras wins face-off versus Denis Gurianov in RedWings zone.
15:17 of 3rd period - Icing by Drew Doughty.
15:18 of 3rd period - Anze Kopitar wins face-off versus Denis Gurianov in RedWings zone.
15:27 of 3rd period - Seth Jones is hit by Bryan Rust and loses puck.
15:28 of 3rd period - Minor Penalty to Bryan Rust for Cross-checking.
15:29 of 3rd period - Charlie Coyle wins face-off versus Brayden Schenn in Bruins zone.
15:55 of 3rd period - Shot by Erik Karlsson.
15:55 of 3rd period - Deflect By Ryan Hartman.
15:55 of 3rd period - Goal by Ryan Hartman - RedWings : 1 - Bruins : 3.
15:56 of 3rd period - Trevor Zegras wins face-off versus David Pastrnak in neutral zone.
16:02 of 3rd period - Icing by Drew Doughty.
16:03 of 3rd period - Trevor Zegras wins face-off versus David Pastrnak in RedWings zone.
16:12 of 3rd period - Zach Parise is hit by David Perron and loses puck.
16:21 of 3rd period - Shot by David Perron.
16:21 of 3rd period - Stopped by Jake Oettinger without a rebound.
16:22 of 3rd period - Yegor Sharangovich wins face-off versus Brayden Schenn in Bruins zone.
16:44 of 3rd period - Icing by Brett Pesce.
16:45 of 3rd period - David Pastrnak wins face-off versus Anze Kopitar in Bruins zone.
16:59 of 3rd period - Shot by Brett Pesce.
16:59 of 3rd period - Shot Misses the Net.
17:16 of 3rd period - Shot by Anze Kopitar.
17:16 of 3rd period - Shot Misses the Net.
17:26 of 3rd period - Shot by Trevor Zegras.
17:26 of 3rd period - Shot Misses the Net.
17:35 of 3rd period - Zach Parise is hit by Drew Doughty and loses puck.
17:41 of 3rd period - Zach Parise is hit by Drew Doughty and loses puck.
17:54 of 3rd period - Shot by Alex Iafallo.
17:54 of 3rd period - Shot Misses the Net.
17:56 of 3rd period - Shot by Jamie Oleksiak.
17:56 of 3rd period - Stopped by Adin Hill without a rebound.
17:57 of 3rd period - Nick Paul wins face-off versus Brayden Schenn in RedWings zone.
17:57 of 3rd period - Brady Skjei is hit by Erik Karlsson and loses puck.
18:07 of 3rd period - John Carlson is hit by Brady Skjei and loses puck.
18:51 of 3rd period - Icing by Cam Fowler.
18:52 of 3rd period - Nicolas Roy wins face-off versus Denis Gurianov in Bruins zone.
18:52 of 3rd period - Nicolas Roy is hit by Evgenii Dadonov.
19:29 of 3rd period - Shot by Evgenii Dadonov.
19:29 of 3rd period - Shot Misses the Net.
19:31 of 3rd period - Shot by Ryan Murray.
19:31 of 3rd period - Stopped by Jake Oettinger without a rebound.
19:32 of 3rd period - David Perron wins face-off versus Alex Iafallo in Bruins zone.
19:40 of 3rd period - Off-side.
19:41 of 3rd period - Brayden Schenn wins face-off versus Anze Kopitar in neutral zone.
19:46 of 3rd period - Yegor Sharangovich is hit by Phillip Di Giuseppe and loses puck.
Goals for this period are 1 for RedWings vs 0 for Bruins.
Shots for this period are 9 for RedWings vs 10 for Bruins.